TOP OF THE 1ST |
Fresno Grizzlies batting - Pitching for Buffalo Bisons : LHP Alfonso Guillen
|
Pitching: LHP Alfonso Guillen
|
|
Batting: RHB Dale Young
|
0-0: Ball 1-0: Foul Ball, location: 2F 1-1: Ball 2-1: Ball 3-1: Base on Balls
|
Batting: RHB Edgar Trejo
|
0-0: Called Strike 0-1: Ball Dale Young is caught stealing 2nd base 2-4 1-1: Ball 2-1: Ball 3-1: Ground out 4-3 (Groundball, 4, EV 83.8 MPH)
|
Batting: RHB Sam Spohn
|
0-0: Ball 1-0: Ground out 6-3 (Groundball, 6, EV 107.5 MPH)
|
Top of the 1st over - 0 runs, 0 hits, 0 errors, 0 left on base; Fresno 0 - Buffalo 0 |
BOTTOM OF THE 1ST |
Buffalo Bisons batting - Pitching for Fresno Grizzlies : LHP Jimmy Edlin
|
Pitching: LHP Jimmy Edlin
|
|
Batting: RHB Väinö Tapaninen
|
0-0: SOLO HOME RUN (Flyball, 7LD, EV 95.0 MPH), Distance : 342 ft
|
Batting: RHB Frank Caulfield
|
0-0: Called Strike 0-1: Ball 1-1: Ground out 3-1 (Groundball, 34S, EV 83.1 MPH)
|
Batting: SHB Dominik Hasek II
|
0-0: Ball 1-0: Ground out 4-3 (Groundball, 34, EV 78.1 MPH)
|
Batting: RHB Alex Ramos
|
0-0: Called Strike 0-1: Foul Ball, location: 2F 0-2: Ball 1-2: Ball 2-2: Ground out 6-3 (Groundball, 6, EV 87.5 MPH)
|
Bottom of the 1st over - 1 run, 1 hit, 0 errors, 0 left on base; Fresno 0 - Buffalo 1 |
TOP OF THE 2ND |
Fresno Grizzlies batting - Pitching for Buffalo Bisons : LHP Alfonso Guillen
|
Batting: RHB Mark Marks
|
0-0: Called Strike 0-1: Ball 1-1: Fly out, F9 (Flyball, 89M, EV 91.2 MPH)
|
Batting: SHB Troy Kenyon
|
0-0: Ball 1-0: Ball 2-0: Called Strike 2-1: Called Strike 2-2: DOUBLE (Line Drive, 89D, EV 113.8 MPH)
|
Batting: LHB Mark Dearth
|
0-0: Ball 1-0: SINGLE (Flyball, 6MD, EV 88.1 MPH) Troy Kenyon to third
|
Batting: RHB Nick Deegan
|
0-0: Ball 1-0: Ball 2-0: Fielders Choice at 2nd, 2-6 (Groundball, 2R, EV 66.9 MPH)
|
Batting: LHB Bob Dietz
|
0-0: Fielders Choice at 2nd, 6-4 (Groundball, 6, EV 105.6 MPH)
|
Top of the 2nd over - 0 runs, 2 hits, 0 errors, 2 left on base; Fresno 0 - Buffalo 1 |
BOTTOM OF THE 2ND |
Buffalo Bisons batting - Pitching for Fresno Grizzlies : LHP Jimmy Edlin
|
Batting: RHB Kyle Scruggs
|
0-0: Ball 1-0: DOUBLE (Line Drive, 89XD, EV 108.1 MPH)
|
Batting: RHB Leo Mair
|
0-0: Called Strike 0-1: Ball 1-1: Called Strike 1-2: Strikes out looking
|
Batting: RHB Kyle Davis
|
0-0: Ball 1-0: Called Strike 1-1: Swinging Strike 1-2: Strikes out swinging
|
Batting: RHB Jorge Baret
|
0-0: Ground out 6-3 (Groundball, 6, EV 82.5 MPH)
|
Bottom of the 2nd over - 0 runs, 1 hit, 0 errors, 1 left on base; Fresno 0 - Buffalo 1 |
TOP OF THE 3RD |
Fresno Grizzlies batting - Pitching for Buffalo Bisons : LHP Alfonso Guillen
|
Batting: RHB Workneh Lagat
|
0-0: Ball 1-0: Foul Ball, location: 2F 1-1: Fly out, F4 (Popup, 13, EV 86.9 MPH)
|
Batting: RHB Dale Young
|
0-0: Called Strike 0-1: DOUBLE (Line Drive, 78XD, EV 103.8 MPH)
|
Batting: RHB Edgar Trejo
|
0-0: Foul Ball, location: 2F 0-1: Ball 1-1: Ball 2-1: Ball 3-1: SINGLE (Groundball, 4MD, EV 95.0 MPH) Dale Young to third
|
Batting: RHB Sam Spohn
|
0-0: SINGLE (Flyball, 89S, EV 95.6 MPH) Dale Young scores Edgar Trejo to second Runner from 2nd tries for 3rd, SAFE, throw by RF made to third
|
Batting: RHB Mark Marks
|
0-0: Ball 1-0: Called Strike 1-1: Fly out, F8 (Flyball, 8LXD, EV 96.9 MPH) Runner from 3rd tags up, SCORES, no throw by CF
|
Batting: SHB Troy Kenyon
|
0-0: Called Strike 0-1: Foul Ball, location: 2F 0-2: Ball 1-2: Foul Ball, location: 2F 1-2: Fielders Choice at 2nd, 5-4 (Groundball, 5, EV 83.1 MPH)
|
Top of the 3rd over - 2 runs, 3 hits, 0 errors, 1 left on base; Fresno 2 - Buffalo 1 |
BOTTOM OF THE 3RD |
Buffalo Bisons batting - Pitching for Fresno Grizzlies : LHP Jimmy Edlin
|
Batting: RHB Bryan Peterson
|
0-0: Called Strike 0-1: Ball 1-1: Foul Ball, location: 2F 1-2: Ground out 6-3 (Groundball, 56, EV 79.4 MPH)
|
Batting: RHB Väinö Tapaninen
|
0-0: Ball 1-0: Called Strike 1-1: Ball 2-1: Swinging Strike 2-2: Foul Ball, location: 2F 2-2: Ball 3-2: Foul Ball, location: 2F 3-2: Ground out 6-3 (Groundball, 6M, EV 96.9 MPH)
|
Batting: RHB Frank Caulfield
|
0-0: Called Strike 0-1: SINGLE (Groundball, 6D, EV 104.4 MPH)
|
Batting: SHB Dominik Hasek II
|
0-0: Fly out, F7 (Flyball, 7, EV 98.1 MPH)
|
Bottom of the 3rd over - 0 runs, 1 hit, 0 errors, 1 left on base; Fresno 2 - Buffalo 1 |
TOP OF THE 4TH |
Fresno Grizzlies batting - Pitching for Buffalo Bisons : LHP Alfonso Guillen
|
Batting: LHB Mark Dearth
|
0-0: Ball 1-0: Called Strike 1-1: Swinging Strike 1-2: Ball 2-2: Strikes out swinging
|
Batting: RHB Nick Deegan
|
0-0: Ball 1-0: Ground out U3 (Groundball, 3, EV 90.0 MPH)
|
Batting: LHB Bob Dietz
|
0-0: Called Strike 0-1: Ground out 5-3 (Groundball, 56, EV 92.5 MPH)
|
Top of the 4th over - 0 runs, 0 hits, 0 errors, 0 left on base; Fresno 2 - Buffalo 1 |
BOTTOM OF THE 4TH |
Buffalo Bisons batting - Pitching for Fresno Grizzlies : LHP Jimmy Edlin
|
Batting: RHB Alex Ramos
|
0-0: Called Strike 0-1: Ball 1-1: Ball 2-1: Ball 3-1: Base on Balls
|
Batting: RHB Kyle Scruggs
|
0-0: Swinging Strike 0-1: Ball Alex Ramos steals 2nd base 1-1: Called Strike 1-2: SINGLE (Groundball, 5S, EV 64.4 MPH) (infield hit) Alex Ramos to third
|
Batting: RHB Leo Mair
|
0-0: Ball 1-0: Swinging Strike 1-1: Ball 2-1: Called Strike 2-2: Ball 3-2: Base on Balls Kyle Scruggs to second
|
Batting: RHB Kyle Davis
|
0-0: Called Strike 0-1: Ball 1-1: Called Strike 1-2: Ball 2-2: Foul Ball, location: 2F 2-2: Ball 3-2: Fly out, F4 (Popup, 34S, EV 86.2 MPH)
|
Batting: RHB Jorge Baret
|
0-0: Ball 1-0: Grounds into double play, 4-6-3 (Groundball, 4, EV 104.4 MPH)
|
Bottom of the 4th over - 0 runs, 1 hit, 0 errors, 2 left on base; Fresno 2 - Buffalo 1 |
TOP OF THE 5TH |
Fresno Grizzlies batting - Pitching for Buffalo Bisons : LHP Alfonso Guillen
|
Batting: RHB Workneh Lagat
|
0-0: Ball 1-0: Fly out, F9 (Line Drive, 9S, EV 110.6 MPH)
|
Batting: RHB Dale Young
|
0-0: Swinging Strike 0-1: SINGLE (Groundball, 6D, EV 94.4 MPH)
|
Batting: RHB Edgar Trejo
|
0-0: Ball 1-0: Called Strike 1-1: Ball 2-1: Ball 3-1: Fielders Choice at 2nd, 6-4 (Groundball, 6MD, EV 95.6 MPH)
|
Batting: RHB Sam Spohn
|
0-0: Foul Ball, location: 2F 0-1: Ball Edgar Trejo steals 2nd, throwing error, E2 Edgar Trejo to third 1-1: Fly out, F8 (Flyball, 8RXD, EV 88.1 MPH)
|
Top of the 5th over - 0 runs, 1 hit, 1 error, 1 left on base; Fresno 2 - Buffalo 1 |
BOTTOM OF THE 5TH |
Buffalo Bisons batting - Pitching for Fresno Grizzlies : LHP Jimmy Edlin
|
Batting: RHB Bryan Peterson
|
0-0: Called Strike 0-1: Ball 1-1: TRIPLE (Flyball, 78XD, EV 103.1 MPH)
|
Batting: RHB Väinö Tapaninen
|
0-0: Called Strike 0-1: Called Strike 0-2: Ball 1-2: Ball 2-2: Ball 3-2: Base on Balls
|
Batting: RHB Frank Caulfield
|
0-0: Called Strike 0-1: Foul Ball, location: 2F 0-2: Ball 1-2: Ball 2-2: Ball 3-2: Foul Ball, location: 2F 3-2: Foul Ball, location: 2F 3-2: Foul Ball, location: 2F 3-2: Foul Ball, location: 2F 3-2: Fielders Choice at 2nd, 6-4 (Groundball, 6, EV 85.0 MPH) Bryan Peterson scores
|
Batting: SHB Dominik Hasek II
|
0-0: Called Strike 0-1: Swinging Strike 0-2: Ball 1-2: Ground out 6-3 (Groundball, 6S, EV 68.1 MPH) Frank Caulfield to second
|
Batting: RHB Alex Ramos
|
0-0: Called Strike 0-1: Ground out 5-3 (Groundball, 56, EV 108.1 MPH)
|
Bottom of the 5th over - 1 run, 1 hit, 0 errors, 1 left on base; Fresno 2 - Buffalo 2 |
TOP OF THE 6TH |
Fresno Grizzlies batting - Pitching for Buffalo Bisons : LHP Alfonso Guillen
|
Batting: RHB Mark Marks
|
0-0: Ball 1-0: Foul Ball, location: 2F 1-1: Swinging Strike 1-2: Ball 2-2: Ball 3-2: Base on Balls
|
Batting: SHB Troy Kenyon
|
0-0: DOUBLE (Line Drive, 8LXD, EV 112.5 MPH) Mark Marks to third
|
Batting: LHB Mark Dearth
|
0-0: Ball 1-0: SINGLE (Groundball, 34D, EV 101.2 MPH) Mark Marks scores Troy Kenyon to third
|
Batting: RHB Nick Deegan
|
0-0: Called Strike 0-1: Called Strike 0-2: Fly out, F3 (Popup, 3F, EV 56.9 MPH)
|
Batting: LHB Bob Dietz
|
0-0: Ball 1-0: Fly out, F8 (Flyball, 8LD, EV 105.0 MPH)
|
Batting: RHB Workneh Lagat
|
0-0: Fielders Choice at 2nd, 5-4 (Groundball, 56, EV 86.2 MPH)
|
Top of the 6th over - 1 run, 2 hits, 0 errors, 2 left on base; Fresno 3 - Buffalo 2 |
BOTTOM OF THE 6TH |
Buffalo Bisons batting - Pitching for Fresno Grizzlies : LHP Jimmy Edlin
|
Batting: RHB Kyle Scruggs
|
0-0: Ground out 3-1 (Groundball, 34, EV 84.4 MPH)
|
Batting: RHB Leo Mair
|
0-0: Ball 1-0: Ball 2-0: Called Strike 2-1: Ball 3-1: Base on Balls
|
Batting: RHB Kyle Davis
|
0-0: Ball 1-0: Called Strike Leo Mair steals 2nd base 1-1: Fly out, F9 (Flyball, 9, EV 86.9 MPH)
|
Pitching: RHP Bill Garcia
|
|
Pinch Hitting: LHB Rodrigo Briceno
|
0-0: Ball 1-0: Fly out, F7 (Line Drive, 7, EV 104.4 MPH)
|
Bottom of the 6th over - 0 runs, 0 hits, 0 errors, 1 left on base; Fresno 3 - Buffalo 2 |
TOP OF THE 7TH |
Fresno Grizzlies batting - Pitching for Buffalo Bisons : LHP Alfonso Guillen
|
Now in LF: John Loving
|
|
Batting: RHB Dale Young
|
0-0: Called Strike 0-1: Called Strike 0-2: Ball 1-2: Strikes out swinging
|
Batting: RHB Edgar Trejo
|
0-0: Called Strike 0-1: Fly out, F9 (Flyball, 9, EV 79.4 MPH)
|
Batting: RHB Sam Spohn
|
0-0: Foul Ball, location: 2F 0-1: Swinging Strike 0-2: Ball 1-2: Ball 2-2: Foul Ball, location: 2F 2-2: Ground out 6-3 (Groundball, 6S, EV 72.5 MPH)
|
Top of the 7th over - 0 runs, 0 hits, 0 errors, 0 left on base; Fresno 3 - Buffalo 2 |
BOTTOM OF THE 7TH |
Buffalo Bisons batting - Pitching for Fresno Grizzlies : RHP Bill Garcia
|
Batting: RHB Bryan Peterson
|
0-0: Called Strike 0-1: Ground out 6-3 (Groundball, 6, EV 91.9 MPH)
|
Batting: RHB Väinö Tapaninen
|
0-0: Ball 1-0: Ball 2-0: Ball 3-0: Called Strike 3-1: Base on Balls
|
Pinch Hitting: LHB Gabe Pace
|
0-0: Called Strike 0-1: Hit by Pitch Väinö Tapaninen to second
|
Batting: SHB Dominik Hasek II
|
0-0: Ball 1-0: Foul Ball, location: 2F 1-1: Ball 2-1: Foul Ball, location: 2F 2-2: DOUBLE (Line Drive, 7LD, EV 110.0 MPH) Väinö Tapaninen scores Gabe Pace to third Runner from 3rd tries for Home, SAFE, no throw by LF
|
Batting: RHB Alex Ramos
|
0-0: Ball 1-0: Ball 2-0: Ball 3-0: Called Strike 3-1: Foul Ball, location: 2F 3-2: Foul Ball, location: 2F 3-2: Foul Ball, location: 2F 3-2: Strikes out swinging
|
Batting: RHB Kyle Scruggs
|
0-0: Fly out, F7 (Line Drive, 78S, EV 90.0 MPH)
|
Bottom of the 7th over - 2 runs, 1 hit, 0 errors, 1 left on base; Fresno 3 - Buffalo 4 |
TOP OF THE 8TH |
Fresno Grizzlies batting - Pitching for Buffalo Bisons : LHP Alfonso Guillen
|
Now at 2B: Leo Mair
|
|
Now at SS: John Loving
|
|
Now in LF: Gabe Pace
|
|
Batting: RHB Mark Marks
|
0-0: Ball 1-0: Ball 2-0: Swinging Strike 2-1: Foul Ball, location: 2F 2-2: Foul Ball, location: 2F 2-2: Strikes out looking
|
Batting: SHB Troy Kenyon
|
0-0: Foul Ball, location: 2F 0-1: Ball 1-1: Ball 2-1: Ball 3-1: Foul Ball, location: 2F 3-2: Base on Balls
|
Pitching: LHP Julio Gonzalez
|
|
Batting: LHB Mark Dearth
|
0-0: Called Strike 0-1: Swinging Strike Passed Ball! Troy Kenyon to second 0-2: Ball 1-2: Ball 2-2: Ground out 5-3 (Groundball, 56S, EV 87.5 MPH)
|
Batting: RHB Nick Deegan
|
0-0: Called Strike 0-1: Called Strike 0-2: Ball 1-2: Ball 2-2: Foul Ball, location: 2F 2-2: Ball 3-2: Ground out 6-3 (Groundball, 6, EV 81.2 MPH)
|
Top of the 8th over - 0 runs, 0 hits, 0 errors, 1 left on base; Fresno 3 - Buffalo 4 |
BOTTOM OF THE 8TH |
Buffalo Bisons batting - Pitching for Fresno Grizzlies : RHP Bill Garcia
|
Batting: RHB Leo Mair
|
0-0: Ball 1-0: Called Strike 1-1: Swinging Strike 1-2: Strikes out swinging
|
Batting: RHB Kyle Davis
|
0-0: Called Strike 0-1: Ball 1-1: Ball 2-1: Foul Ball, location: 2F 2-2: Strikes out swinging
|
Batting: RHB John Loving
|
0-0: Called Strike 0-1: Ground out 6-3 (Groundball, 6, EV 85.0 MPH)
|
Bottom of the 8th over - 0 runs, 0 hits, 0 errors, 0 left on base; Fresno 3 - Buffalo 4 |
TOP OF THE 9TH |
Fresno Grizzlies batting - Pitching for Buffalo Bisons : LHP Julio Gonzalez
|
Batting: LHB Bob Dietz
|
0-0: Foul Ball, location: 2F 0-1: Ground out 1-3 (Groundball, P, EV 74.4 MPH)
|
Batting: RHB Workneh Lagat
|
0-0: Ball 1-0: Foul Ball, location: 2F 1-1: Swinging Strike 1-2: Strikes out swinging
|
Batting: RHB Dale Young
|
0-0: Ball 1-0: Foul Ball, location: 2F 1-1: Ball 2-1: Ball 3-1: Base on Balls
|
Batting: RHB Edgar Trejo
|
0-0: Called Strike 0-1: Ground out 2-3 (Groundball, 15S, EV 68.8 MPH)
|
Top of the 9th over - 0 runs, 0 hits, 0 errors, 1 left on base; Fresno 3 - Buffalo 4 |
|